[Event "*** Titled Tuesday Blitz"]
[Site "Chess.com"]
[Date "2018.07.03"]
[Round "2"]
[White "Karina_Oparina"]
[Black "Rickstereo"]
[Result "0-1"]
[WhiteElo "2209"]
[BlackElo "2191"]
[TimeControl "180+2"]
[EndTime "13:24:13 PDT"]
[Termination "Rickstereo won by resignation"]

1. Nf3 Nf6 2. g3 b6 3. Bg2 Bb7 4. O-O c5 5. c4 e6 6. d4 cxd4 7.
Qxd4 Be7 8. Nc3 d6 9. Rd1 a6 10. b3 Nbd7 11. Bb2 O-O 12. Rac1 Qc7 13. Qf4 Rad8 14.
h3 Qb8 15. g4 Nc5 16. b4 Nce4 17. Nxe4 Nxe4 18. Ne1 d5 19. Qxb8 Rxb8 20. Bxe4 dxe4 21. c5 bxc5 22. bxc5 Bd5 23. Be5 Rbc8 24. Bd6 Bxd6 25. cxd6 Rcd8 26. Nc2 Rxd6 27. Nb4 g6 28. Rc5 Rfd8 29.
Ra5 Bc4 30. Rxd6 Rxd6 31. e3 Rd1+ 32. Kg2 Be2 33. Nc2 Bf3+ 34. Kg3 Rg1+ 35. Kf4 Rg2 36. Nd4 Rxf2 37. Nxf3 Rxf3+ 38. Kxe4 Rxh3 39. g5 h5 40. Rxa6 Rg3 41. Ra5 h4 42. Kf4 Rg2 43. e4 h3 44.
Ra3 h2 45. Rh3 Rxa2 46. e5 Kg7 47. Kg3 Re2 48. Kf4 Rf2+ 49. Kg3 Rf5 50. Rxh2 Rxg5+ 51. Kf4 Rf5+ 52. Ke4 g5 53. Rg2 Kg6 54. Rg1 Rf4+ 55. Ke3 Kf5 56. Kd3 g4 57. Rg2 Kxe5 0-1

[Event "*** Titled Tuesday Blitz"]
[Site "Chess.com"]
[Date "2018.07.03"]
[Round "2"]
[White "Vamostodorecto"]
[Black "SantoBlue"]
[Result "0-1"]
[WhiteElo "2345"]
[BlackElo "2735"]
[TimeControl "180+2"]
[EndTime "13:24:18 PDT"]
[Termination "SantoBlue won by resignation"]

1. d4 Nf6 2. c4 g6 3. Nc3 Bg7 4.
e4 O-O 5. Be2 d6 6. Nf3 e5 7. O-O Nc6 8. d5 Ne7 9. Ne1 Nd7 10. Be3 f5 11. f3 f4 12. Bf2 g5 13.
Rc1 Ng6 14. c5 Nxc5 15. b4 Na6 16. Nd3 h5 17. Nb5 Rf7 18. Rc4 g4 19. Kh1 Qg5 20. Qc2 g3 21. Bg1 Nh4 22. Ne1 Bh3 23. Bd3 Bd7 24.
Nxc7 Nxc7 25. Rxc7 Bf6 26. Rxb7 Rc8 27. Qe2 Rc1 28.
Rxd7 Rxd7 29. h3 Bd8 30. Bb5 Rb7 31. a4 Bb6 32. Nd3 Rxf1 33. Qxf1 Bxg1 34. Qxg1 Qd8 35. Bc6 Rg7 36. a5 Nxf3 37. Qd1 Nd4 38. Qxh5 f3 39. Kg1 f2+ 40. Kf1 Nc2 41. Qh6 Qg5 42.
Qxg5 Rxg5 43. Ke2 Rg7 44. Be8 Nd4+ 45. Kf1 Rc7 46. Bc6 Nxc6 47. dxc6 Rxc6 48. b5 Rc3 49.
Ke2 Rxd3 0-1

[Event "*** Titled Tuesday Blitz"]
[Site "Chess.com"]
[Date "2018.07.03"]
[Round "2"]
[White "ama18"]
[Black "icychess54"]
[Result "1-0"]
[WhiteElo "2269"]
[BlackElo "2091"]
[TimeControl "180+2"]
[EndTime "13:24:21 PDT"]
[Termination "ama18 won by resignation"]

1. e4 c5 2. Nf3 d6 3. d4 cxd4 4.
Nxd4 Nf6 5. Nc3 Nc6 6. Bg5 e6 7. Qd2 h6 8. Bxf6 gxf6 9. O-O-O a6 10. f4 h5 11. Kb1 Qc7 12. Be2 Bd7 13. Bf3 O-O-O 14.
Qe2 h4 15. Nxc6 Bxc6 16. f5 Bh6 17. Bg4 Qe7 18. Qc4 Rhe8 19. fxe6 fxe6 20. Nd5 Qf7 21. Rhf1 f5 22. Nb4 Qc7 23. exf5 exf5 24. Bxf5+ Kb8 25.
Nxc6+ Qxc6 26. Qxc6 bxc6 27. Bd3 Kb7 28. Rf7+ Kb6 29.
Rf6 Bf8 30. Rf4 Be7 31. Rb4+ Kc5 32. Rb3 a5 33. Rf1 Rf8 34. Re1 Bf6 35. Rb7 Be5 36.
h3 Rf2 37. Re4 Rdf8 38. a3 Rxg2 39. Rc4+ Kd5 40. Ra4 Rg3 41. Rxa5+ Ke6 42. Be2 Rf2 43. Bg4+ Kf6 44. Raa7 Rg1+ 45. Ka2 Rxc2 46. Rf7+ Kg6 47. Bf5+ Kg5 48. Bxc2 1-0

[Event "*** Titled Tuesday Blitz"]
[Site "Chess.com"]
[Date "2018.07.03"]
[Round "2"]
[White "NemtsevIgor"]
[Black "Blitzstream"]
[Result "1/2-1/2"]
[WhiteElo "2394"]
[BlackElo "2473"]
[TimeControl "180+2"]
[EndTime "13:24:22 PDT"]
[Termination "Game drawn by agreement"]

1. c3 d5 2. d3 e5 3. Nd2 Nc6 4. h3 f5 5. g4 fxg4 6. hxg4 Bxg4 7. Bg2 Nf6 8. Nf1 Bc5 9. Ne3 Be6 10. Nh3 d4 11.
Nf1 Bd5 12. Bxd5 Qxd5 13. f3 dxc3 14. bxc3 O-O-O 15. Qb3 Bb6 16. Qxd5 Nxd5 17. Bd2 h6 18.
Nf2 Nf4 19. Bxf4 exf4 20. Ne4 Rhe8 21. Nfd2 Ne5 22. a4 Be3 23. Nf1 Nf7 24. Nxe3 fxe3 25.
O-O-O Re5 26. Kc2 Ra5 27. Ra1 Nd6 28. Rhg1 Nxe4 29. fxe4 g5 30. d4 c5 31. Kd3 cxd4 32.
cxd4 Ra6 33. Kxe3 Rb6 34. Rad1 Rb4 35. e5 Rxa4 36. Ke4 Kd7 37. Rh1 Rh8 38. Kf5 Ke7 39. e4 Ra2 40. e6 Kd6 41. d5 Rf2+ 42. Kg6 Rg8+ 43. Kh7 Rff8 44. Rxh6 Rh8+ 45. Kg6 Rfg8+ 46. Kh5 Rxh6+ 47. Kxh6 g4 48. Kh7 Rg5 49. Kh6 Rg8 1/2-1/2

[Event "*** Titled Tuesday Blitz"]
[Site "Chess.com"]
[Date "2018.07.03"]
[Round "2"]
[White "swayamsm"]
[Black "Firouzja2003"]
[Result "0-1"]
[WhiteElo "2594"]
[BlackElo "2811"]
[TimeControl "180+2"]
[EndTime "13:24:23 PDT"]
[Termination "Firouzja2003 won by resignation"]

1. d4 Nf6 2. Nf3 d6 3. Bf4 g6 4.
Nbd2 Bg7 5. e4 O-O 6. Bc4 Nc6 7. c3 Nh5 8. Be3 e5 9. dxe5 Nxe5 10. Nxe5 dxe5 11.
Nf3 Qe7 12. h3 Nf4 13. O-O Bd7 14. Bxf4 exf4 15. Re1 Rad8 16. Qb3 Bc8 17. e5 Kh8 18. a4 Rde8 19. Re4 g5 20. Rae1 Bf5 21. R4e2 g4 22. Nd4 Bc8 23. hxg4 Bxg4 24. Re4 Qg5 25. Qxb7 Rb8 26. Qd5 Rfd8 27. Qxf7 Bh3 28. Bf1 Rf8 29.
Ne6 Bxe6 30. Qxe6 f3 31. g3 Rxb2 32. R4e3 Rb6 33. Qd5 Qh5 34. Qe4 Rh6 35. Qh4 Qe8 36. Qg4 Rg6 37. Qh5 Rxg3+ 38. fxg3 f2+ 39. Kg2 fxe1=N+ 0-1

[Event "*** Titled Tuesday Blitz"]
[Site "Chess.com"]
[Date "2018.07.03"]
[Round "2"]
[White "Shant_Sargsyan"]
[Black "moro182"]
[Result "1/2-1/2"]
[WhiteElo "2896"]
[BlackElo "2598"]
[TimeControl "180+2"]
[EndTime "13:24:32 PDT"]
[Termination "Game drawn by repetition"]

1. d4 d5 2. c4 e6 3. Nf3 Nf6 4.
g3 Be7 5. Bg2 O-O 6. Nc3 Nc6 7.
Ne5 dxc4 8. Bxc6 bxc6 9. Nxc6 Qe8 10. Nxe7+ Qxe7 11. Qa4 c5 12. dxc5 Qxc5 13. Be3 Qh5 14. Qxc4 Rb8 15. f3 Rxb2 16. O-O e5 17. Rab1 Be6 18.
Qa4 Rxb1 19. Rxb1 e4 20. Nxe4 Nxe4 21. Qxe4 Bxa2 22. Ra1 Bd5 23. Qd4 Be6 24. Rxa7 Qb5 25. Kf2 h6 26. g4 Rc8 27. Ra1 Rc2 28. Re1 Bc4 29. Qd1 Ra2 30. Qd8+ Kh7 31. Qd1 Qe5 32. Qb1+ g6 33. f4 Qe6 34. Qb6 Qxg4 35. Qd4 Rxe2+ 36. Rxe2 Qxe2+ 37. Kg3 Be6 38. Qe5 Qg4+ 39. Kf2 Qh4+ 40. Ke2 Qxh2+ 41. Kd3 Bf5+ 42. Kc3 Qg3 43. Kb4 Qe1+ 44.
Kb5 h5 45. Qf6 Qxe3 46. Qxf7+ Kh6 47. Qf8+ Kh7 48. Qf7+ Kh6 49. Qf8+ Kh7 50. Qf7+ Kh6 51. Qf8+ 1/2-1/2

[Event "*** Titled Tuesday Blitz"]
[Site "Chess.com"]
[Date "2018.07.03"]
[Round "2"]
[White "Art10ECHR"]
[Black "jeetjain"]
[Result "1-0"]
[WhiteElo "2310"]
[BlackElo "2427"]
[TimeControl "180+2"]
[EndTime "13:24:35 PDT"]
[Termination "Art10ECHR won by resignation"]

1. Nf3 d5 2. c4 e6 3. g3 Nf6 4. Bg2 c5 5. O-O Nc6 6. cxd5 exd5 7. d4 Be7 8. dxc5 Bxc5 9. a3 O-O 10. b4 Be7 11.
Bb2 Be6 12. Nc3 Rc8 13. Nd4 Qb6 14. Na4 Qd8 15. Rc1 Qd7 16. Nc5 Bxc5 17. Rxc5 Nxd4 18. Qxd4 Rxc5 19. Qxc5 b6 20. Qe3 Ne8 21. Rc1 f6 22. Qd4 Nc7 23. e3 Nb5 24. Qd3 Rd8 25. a4 Nc7 26. b5 Ne8 27. Ba3 Bf5 28. Qd4 Be6 29. Rc6 Bf7 30. Bf3 Nc7 31. Bg4 f5 32. Bf3 Ne6 33. Qe5 Ng5 34. Bg2 Re8 35. Qc3 Ne4 36. Qd4 Rc8 37. Bb2 Nf6 38. Rxf6 gxf6 39. Qxf6 Kf8 40. Bh3 Qe6 41. Qh8+ Ke7 42. Qxh7 Rc4 43. Bxf5 Qd6 44. Qg7 Rxa4 45. Qg5+ Ke8 46. Bf6 Rb4 47.
Qg7 Qf8 48. Bd7+ Kxd7 49. Qxf8 Rb1+ 50. Kg2 Bh5 51. Qe7+ 1-0

[Event "*** Titled Tuesday Blitz"]
[Site "Chess.com"]
[Date "2018.07.03"]
[Round "2"]
[White "chesstatour"]
[Black "tgpgoat"]
[Result "1-0"]
[WhiteElo "2045"]
[BlackElo "1973"]
[TimeControl "180+2"]
[EndTime "13:24:35 PDT"]
[Termination "chesstatour won by resignation"]

1. c4 c5 2. Nf3 Nc6 3. d4 cxd4 4. Nxd4 g6 5. Nc3 Bg7 6. Nc2 Nf6 7. g3 d6 8. Bg2 O-O 9. O-O Bd7 10. e4 Rc8 11. b3 Nxe4 12. Nxe4 Bxa1 13. Nxa1 Bf5 14.
Nc3 Qd7 15. Re1 Bh3 16. Bh1 Ne5 17. Nd5 Bg4 18. f3 Be6 19. Bh6 Rfe8 20. Nc2 Qc6 21. Nd4 Qd7 22. Nxe6 fxe6 23. Rxe5 exd5 24. Rxd5 Qe6 25.
Qd2 Qf6 26. Qd4 Qxd4+ 27. Rxd4 b6 28. Bd2 Kf7 29. f4 Ke6 30. Bg2 Kd7 31. Bb4 a5 32.
Bh3+ e6 33. Ba3 Kc7 34. Bxd6+ Kb7 35. Bg2+ Ka7 36. Be5 Rcd8 37. Kf2 Rxd4 38. Bxd4 Rd8 39. Ke3 Rd7 40. Bc6 Rc7 41. Bb5 Kb7 42. Ke4 Kc8 43. a3 Kd8 44. b4 axb4 45. axb4 Rb7 46. Bc6 Rb8 47. c5 bxc5 48. Bxc5 Kc7 49. b5 Rg8 50. Ke5 g5 51. Kxe6 gxf4 52. gxf4 Rg2 53. f5 Rxh2 54.
Bd6+ Kb6 55. Bxh2 1-0

[Event "*** Titled Tuesday Blitz"]
[Site "Chess.com"]
[Date "2018.07.03"]
[Round "2"]
[White "W_Amadeus"]
[Black "yoolund"]
[Result "1-0"]
[WhiteElo "2589"]
[BlackElo "2563"]
[TimeControl "180+2"]
[EndTime "13:24:39 PDT"]
[Termination "W_Amadeus won by resignation"]

1. d4 Nf6 2. c4 g6 3. Nc3 Bg7 4. e4 O-O 5. Nf3 d6 6. Be2 Bg4 7.
Be3 Nfd7 8. Ng1 Bxe2 9. Ngxe2 e5 10.
d5 f5 11. f3 Bh6 12. Bf2 a5 13. O-O Na6 14. Nb5 Nac5 15. Nec3 Nf6 16. exf5 gxf5 17. Bxc5 dxc5 18. d6 c6 19. Nc7 Be3+ 20. Kh1 Nh5 21. f4 Ng3+ 22. hxg3 Rf6 23. Qh5 Qxd6 24.
Nxa8 Rh6 25. Qh3 exf4 26. Rad1 Qg6 27. Rd8+ Kf7 28. Ne2 Rxh3+ 29. gxh3 Qh5 30. Ng1 Bxg1 31. Kxg1 fxg3 32. Rfd1 Qxh3 33. R8d7+ Kf6 34. R1d6+ Ke5 35. Rd2 f4 36. Re7+ Kf6 37. Re8 Kf7 38. Re4 Qf5 39.
Re1 f3 40. Rf1 h5 41. Nb6 h4 42. Nc8 Kg6 43. Ne7+ Kf6 44. Nxf5 Kxf5 45. Rxf3+ 1-0

[Event "*** Titled Tuesday Blitz"]
[Site "Chess.com"]
[Date "2018.07.03"]
[Round "2"]
[White "Kimster98"]
[Black "gmjlh"]
[Result "1-0"]
[WhiteElo "2501"]
[BlackElo "2661"]
[TimeControl "180+2"]
[EndTime "13:24:43 PDT"]
[Termination "Kimster98 won on time"]

1. d4 d5 2. c4 e6 3. Nf3 Nf6 4. Nc3 Be7 5. Bf4 O-O 6. e3 c5 7.
dxc5 Bxc5 8. cxd5 Nxd5 9. Nxd5 exd5 10. a3 Nc6 11. Bd3 Bb6 12. O-O Bg4 13. h3 Bh5 14. b4 Kh8 15. g4 Bg6 16. Ne5 Nxe5 17. Bxe5 Qd7 18. Bxg6 hxg6 19. Bd4 f5 20. Bxb6 axb6 21. Qd4 b5 22. Kg2 g5 23. Rad1 Rad8 24. f3 Qe6 25.
Rfe1 Rd7 26. Rd3 Rc8 27. Red1 Rc4 28. Qb2 Rdc7 29. R1d2 d4 30. exd4 Rc1 31. Re2 Qc4 32.
Qd2 f4 33. d5 Rd7 34. d6 Ra1 35. Rd5 Kg8 36. Qd3 Qxd3 37. Rxd3 Kf7 38. Rd5 g6 39. Red2 Rxa3 40. Rxg5 Ra6 41. Rxb5 Ke6 42. Rg5 Kf6 43. Rgd5 Ra4 44. b5 g5 45. Rf5+ Kg6 46. Re5 Kf6 47. Rf5+ Kg6 48. Rc5 Rb4 49. Rc7 Rxc7 50. dxc7 Rc4 51. b6 Kf6 52. Rd8 Rc2+ 53. Kf1 1-0

[Event "*** Titled Tuesday Blitz"]
[Site "Chess.com"]
[Date "2018.07.03"]
[Round "2"]
[White "Orest_Vovk"]
[Black "DSCC1"]
[Result "1/2-1/2"]
[WhiteElo "2230"]
[BlackElo "2109"]
[TimeControl "180+2"]
[EndTime "13:24:46 PDT"]
[Termination "Game drawn by agreement"]

1. g4 d5 2. h3 c6 3. Bg2 e5 4. d4 exd4 5. Qxd4 Qf6 6. Nf3 Qxd4 7. Nxd4 Bc5 8. Nb3 Bb6 9. N1d2 Ne7 10. c4 dxc4 11. Nxc4 Bc7 12. Be3 Be6 13. Rc1 O-O 14. Nca5 Bc8 15. O-O Nd7 16. Rfd1 Nb6 17. Nc5 Rb8 18.
Bd2 Ned5 19. e3 Nd7 20. Nxd7 Bxd7 21. Bxd5 Bxa5 22. Bxf7+ Rxf7 23. Bxa5 Be6 24. a3 h5 25. Rd4 hxg4 26. hxg4 Bd5 27. e4 Be6 28. g5 Rf4 29. Bc7 Rg4+ 30. Kf1 Rc8 31. Bd8 Kf7 32. f3 Rg3 33. Kf2 Rh3 34. Kg2 Rh5 35. b4 Ke8 36.
Rcd1 Bd5 37. exd5 Rxd8 38. dxc6 Rxg5+ 39. Kf2 Rxd4 40. cxb7 Rxb4 41. axb4 Rb5 42. Rd4 Rxb7 43. Kg3 Rb5 44. Kg4 a5 45. bxa5 Rxa5 46. f4 Kf7 47.
Rd7+ Kf6 48. Rd6+ Kf7 49. f5 Ra1 50. Rd7+ Kf6 51. Rd6+ Kf7 52. Rd4 Kf6 53. Rd6+ Kf7 54. Rb6 Rg1+ 55. Kf4 Rf1+ 56. Ke5 Re1+ 57. Kd5 Rd1+ 58.
Ke5 Re1+ 59. Kd5 1/2-1/2

[Event "*** Titled Tuesday Blitz"]
[Site "Chess.com"]
[Date "2018.07.03"]
[Round "2"]
[White "nitpicker"]
[Black "DishonorOnYourCow"]
[Result "1-0"]
[WhiteElo "2116"]
[BlackElo "2252"]
[TimeControl "180+2"]
[EndTime "13:24:48 PDT"]
[Termination "nitpicker won by resignation"]

1. d4 Nf6 2. Nf3 g6 3. b4 d5 4. e3 Bg7 5. Nbd2 O-O 6. c4 dxc4 7. Bxc4 a5 8. b5 c5 9. Bb2 Nbd7 10. O-O cxd4 11.
Bxd4 Nb6 12. Be2 Bf5 13. h3 Nfd5 14. Bxg7 Kxg7 15. Rc1 Nb4 16. Qb3 Be6 17. Qb2+ Kg8 18. Rfd1 Nd3 19. Bxd3 Qxd3 20. Nd4 Bd5 21. N2f3 Qe4 22.
Rc7 Rac8 23. Rcc1 e5 24. Ne2 Nc4 25. Qc2 Qxc2 26. Rxc2 Bxf3 27. gxf3 Nxe3 28. Rxc8 Nxd1 29. Rc7 Rb8 30. Rc2 Rd8 31. Kf1 a4 32. Ke1 a3 33.
Nc3 Nb2 34. Ne4 f5 35. Nc5 b6 36. Nb3 Rd3 37. Ke2 Rd4 38. Nxd4 exd4 39. Kd2 Kf7 40.
Rc6 Ke7 41. Kc2 Na4 42. Rc7+ Kd6 43. Rxh7 Kc5 44. Rg7 Kxb5 45. Rxg6 Kc4 46. h4 d3+ 47. Kd2 Nc5 48. Rc6 Kd5 49. Rc8 Kd4 50. h5 b5 51. Rxc5 Kxc5 52. h6 b4 53. h7 b3 54.
h8=Q b2 55. Qh1 Kd4 56. Qb1 Kc4 57. Qxd3+ Kb4 58. Qb1 Kc4 59. Kc2 1-0

[Event "*** Titled Tuesday Blitz"]
[Site "Chess.com"]
[Date "2018.07.03"]
[Round "2"]
[White "vovachesss"]
[Black "NateSolon"]
[Result "0-1"]
[WhiteElo "2419"]
[BlackElo "2402"]
[TimeControl "180+2"]
[EndTime "13:24:49 PDT"]
[Termination "NateSolon won on time"]

1. e4 c5 2. Nf3 d6 3. Bb5+ Nd7 4. Bxd7+ Bxd7 5. d4 cxd4 6. Qxd4 Nf6 7. Nc3 e6 8. Bg5 Be7 9. e5 dxe5 10. Nxe5 Bc6 11.
Nxc6 bxc6 12. O-O-O Qb6 13. Qc4 O-O 14. Be3 Qb7 15.
Bc5 Rab8 16. b3 Nd5 17. Na4 Bg5+ 18. Kb1 Rfd8 19. Rd3 Qb5 20. Qe4 Bf6 21. Bxa7 Rb7 22. Be3 Ra8 23. Nc5 Nc3+ 24. Rxc3 Bxc3 25. Nxb7 Qxb7 26. Qc4 Bf6 27. Rd1 h6 28. Bd4 Be7 29.
Bb2 c5 30. Qg4 Bf8 31. f3 Qa6 32. a4 Qe2 33. Rd7 c4 34. Qf4 f6 35. Qd2 Qf1+ 36.
Qd1 Qxg2 37. Rc7 cxb3 38. cxb3 Qxh2 39. Qd7 Qh1+ 40. Ka2 Qxf3 41. Qf7+ Kh8 42. Qd7 Qd5 43. Qf7 Rxa4+ 44. Kb1 Ra8 45. Rc1 Qe4+ 46. Rc2 Rc8 47.
Bc3 Rxc3 48. Qxf8+ Kh7 0-1

[Event "*** Titled Tuesday Blitz"]
[Site "Chess.com"]
[Date "2018.07.03"]
[Round "2"]
[White "EndgameGrinder"]
[Black "TST2014"]
[Result "1-0"]
[WhiteElo "2458"]
[BlackElo "2378"]
[TimeControl "180+2"]
[EndTime "13:24:57 PDT"]
[Termination "EndgameGrinder won by resignation"]

1. e4 c5 2. Nf3 Nc6 3. d4 cxd4 4.
Nxd4 Nf6 5. Nc3 d6 6. Bg5 e6 7. Qd2 a6 8. O-O-O Bd7 9. f4 h6 10. Bh4 g5 11. fxg5 Ng4 12. Nf3 Be7 13. Kb1 Nge5 14.
Bf2 hxg5 15. Nxe5 Nxe5 16. Be2 b5 17. a3 Rb8 18. Na2 a5 19. Nc1 b4 20. axb4 axb4 21. Nb3 Qc7 22. h4 gxh4 23. Rh3 Bc6 24. Qd4 Ba4 25.
Rdh1 Bb5 26. Bxb5+ Rxb5 27. Bxh4 Qb6 28. Bxe7 Rxh3 29.
gxh3 Kxe7 30. Qd2 Qb7 31. Qe2 Rb6 32. h4 Rc6 33. h5 Rc4 34. Nd2 Rc8 35. h6 Qc6 36. Nb3 Rh8 37. h7 Qc4 38. Qg2 Qc8 39.
Qg5+ Kd7 40. Qf6 Qd8 41. Qg7 Qf8 42. Qxf8 Rxf8 43. h8=Q Rxh8 44. Rxh8 Ke7 45. Nd4 Kf6 46. Rb8 Kg5 47. Rxb4 Kf4 48. Nb5 Nf3 49. Nxd6 f6 50. Kc1 Ke3 51. Ne8 f5 52. exf5 exf5 53. Ng7 f4 54. Ne6 Ng1 55. Nxf4 Kf3 56. Nd3 Ke3 57.
Rb8 Ne2+ 58. Kb1 Nd4 59. b4 Ne2 60. b5 Nc3+ 61. Ka1 Na4 62. b6 Nxb6 63. Rxb6 Kd4 64. Kb2 Kc4 65. Rb4+ Kd5 66. Kc3 1-0

[Event "*** Titled Tuesday Blitz"]
[Site "Chess.com"]
[Date "2018.07.03"]
[Round "2"]
[White "Storne89"]
[Black "abhijeetgupta1016"]
[Result "0-1"]
[WhiteElo "2598"]
[BlackElo "2812"]
[TimeControl "180+2"]
[EndTime "13:25:02 PDT"]
[Termination "abhijeetgupta1016 won on time"]

1. e4 c5 2. Nf3 d6 3. d4 cxd4 4. Nxd4 Nf6 5. Nc3 Nc6 6. Bg5 e6 7. Qd2 a6 8. O-O-O Bd7 9. f3 Be7 10. h4 O-O 11. Kb1 Nxd4 12. Qxd4 Bc6 13. g4 b5 14. Qd2 Rc8 15. Bd3 b4 16. Ne2 d5 17.
e5 Ne4 18. fxe4 dxe4 19. Bxa6 Bxg5 20. Qxg5 Qxg5 21. hxg5 Ra8 22. Bc4 Ra5 23. Rd6 Ba8 24. Rhd1 Rxe5 25. Rd8 Bd5 26. Rxf8+ Kxf8 27. Bxd5 exd5 28.
a4 bxa3 29. bxa3 Rxg5 30. a4 Rxg4 31. Rxd5 e3 32. a5 Rg2 33. Nc3 e2 34. Nxe2 Rxe2 35.
a6 Re8 36. a7 Ra8 37. Rd7 g5 38. Kc1 h5 39. Kd1 h4 40. Ke1 h3 41. Kf1 g4 42.
Kf2 Kg7 43. Kg3 Kg6 44. c4 f5 45. c5 Kg5 46. c6 f4+ 47. Kh2 Rh8 48. Rd5+ Kh4 49. Ra5 g3+ 50. Kh1 Rg8 51. Ra1 f3 52. a8=Q Rxa8 53. Rxa8 f2 54. Rh8+ Kg4 55. Rg8+ Kf3 56.
Rf8+ Ke2 57. Re8+ Kd2 58. Rd8+ Ke2 59. Re8+ Kf1 0-1

[Event "*** Titled Tuesday Blitz"]
[Site "Chess.com"]
[Date "2018.07.03"]
[Round "2"]
[White "Irochka83"]
[Black "Morshynska"]
[Result "1-0"]
[WhiteElo "2221"]
[BlackElo "2150"]
[TimeControl "180+2"]
[EndTime "13:25:16 PDT"]
[Termination "Irochka83 won by resignation"]

1. d4 Nf6 2. c4 e6 3. Nc3 Bb4 4. e3 b6 5. Ne2 Ba6 6. a3 Bxc3+ 7. Nxc3 d5 8. b3 O-O 9. Bb2 Nc6 10. Rc1 dxc4 11.
bxc4 Na5 12. Nb1 c5 13. Bd3 cxd4 14. exd4 Rc8 15. Nd2 Ne8 16. O-O Nd6 17. Qe2 Qd7 18. Rfd1 Rfd8 19. d5 exd5 20. Qe5 f6 21. Qh5 h6 22.
Qg6 Ne4 23. Nxe4 dxe4 24. Qxe4 f5 25. Qxf5 Qxf5 26. Bxf5 Rxd1+ 27. Rxd1 Rc7 28. Bg6 Nc6 29. h4 Bxc4 30. h5 Bf7 31. Rd6 Bxg6 32. hxg6 Kf8 33. Re6 Ne7 34. f4 Rc6 35. Bxg7+ Kxg7 36. Rxe7+ Kxg6 37.
Rxa7 Rc1+ 38. Kf2 Rc2+ 39. Kf3 Rc3+ 40. Kg4 h5+ 41. Kh4 Kf5 42. Rf7+ Kg6 43. Rb7 Rb3 44. a4 Rb4 45. g3 Kh6 46. Rc7 Rxa4 47. Rc6+ Kg7 48. Rxb6 Ra3 49. Rb5 Kg6 50. Rg5+ Kf6 51. Kxh5 Ra1 52. Kg4 Rg1 53. Ra5 Rh1 54. Ra6+ Kf7 55.
Kg5 Rb1 56. g4 Rb5+ 57. f5 Rc5 58. Ra7+ Kg8 59. Kg6 Rc6+ 60. f6 Rc8 61. Rg7+ Kf8 62. Rh7 1-0

[Event "*** Titled Tuesday Blitz"]
[Site "Chess.com"]
[Date "2018.07.03"]
[Round "2"]
[White "TenisMaster"]
[Black "murmah2003"]
[Result "0-1"]
[WhiteElo "2748"]
[BlackElo "2627"]
[TimeControl "180+2"]
[EndTime "13:25:22 PDT"]
[Termination "murmah2003 won by resignation"]

1. e4 g6 2. d4 Bg7 3. Nc3 c6 4.
Nf3 d6 5. h3 Nf6 6. Be3 b5 7.
Bd3 O-O 8. O-O a6 9. Ne2 Bb7 10. Ng3 Nbd7 11. Qd2 e5 12. dxe5 Nxe5 13. Nxe5 dxe5 14.
a4 Qe7 15. c4 Rfd8 16. Qc2 b4 17. c5 a5 18. Rfd1 Bc8 19. Nf1 Be6 20. Nd2 Nd7 21. Rac1 Rab8 22. b3 Bf8 23. Be2 f5 24. f3 f4 25. Bf2 Ra8 26. Kf1 g5 27. Bc4 Kf7 28. Bxe6+ Qxe6 29. Qc4 Be7 30. Ke2 Nf8 31. Qxe6+ Nxe6 32.
Nc4 Kf6 33. Rxd8 Bxd8 34. Nb6 Ra7 35. Rd1 Be7 36. Nd7+ Kg7 37. Nxe5 Bxc5 38. Nxc6 Ra6 39. Rd7+ Kf8 40. Ne5 Bxf2 41. Kxf2 Nc5 42. Rxh7 Nxb3 43. Rc7 Rd6 44. Nc4 Rd3 45. e5 Rc3 46. e6 Rc2+ 47.
Ke1 Rc1+ 48. Kf2 Rc2+ 49. Ke1 Rc1+ 50. Ke2 Rc2+ 51. Kd3 Rc3+ 52. Ke4 Rxc4+ 53. Rxc4 Nd2+ 54. Kd5 Nxc4 55. Kxc4 Ke7 56. Kd4 Kxe6 57. Kc4 Kf5 58. Kd4 Kg6 59. Kc4 Kh5 60. Kd4 Kh4 0-1

[Event "*** Titled Tuesday Blitz"]
[Site "Chess.com"]
[Date "2018.07.03"]
[Round "2"]
[White "dretch"]
[Black "nurmiTV"]
[Result "1-0"]
[WhiteElo "2755"]
[BlackElo "2514"]
[TimeControl "180+2"]
[EndTime "13:25:23 PDT"]
[Termination "dretch won by resignation"]

1. d4 Nf6 2. c4 e6 3. Nc3 Bb4 4. Qc2 O-O 5. e4 d5 6. e5 Ne4 7. Bd3 f5 8. Nf3 b6 9. O-O Bb7 10. Ne2 Be7 11. Nf4 Qd7 12. h4 c5 13. Rd1 Na6 14.
Nxe6 Qxe6 15. cxd5 Qc8 16. d6 Nxd6 17. exd6 Bxd6 18.
Ng5 Nb4 19. Bc4+ Kh8 20. Qe2 Bd5 21. Bxd5 Nxd5 22. dxc5 Qxc5 23. b4 Nxb4 24. Ne6 Qe5 25. Qxe5 Bxe5 26. Rb1 Nxa2 27. Nxf8 Rxf8 28. Ba3 Re8 29. Re1 Nc3 30. Rbc1 Ne4 31. f3 Nf6 32. Kf1 Kg8 33. Rc6 Kf7 34. Bb4 h6 35. Bd2 Bd4 36.
Rxe8 Nxe8 37. Ke2 Bc5 38. Rc8 a5 39. Rb8 a4 40. Rb7+ Kg6 41. Bc1 Nd6 42. Ra7 Nb5 43. Ra6 Nc3+ 44. Kd3 Na2 45. Bd2 a3 46. Kc4 Kh5 47.
Kb3 Kxh4 48. Be1+ Kh5 49. Kxa2 g5 50. Ra4 g4 51. fxg4+ fxg4 52. Re4 Kg5 53. Bg3 h5 54. Re5+ Kg6 55. Bh4 Bd4 56. Rg5+ Kh6 57. Rd5 Bc5 58.
Kb3 Kg6 59. Rg5+ Kh6 60. Rg8 Bd6 61. Re8 Bc5 62. Re6+ Kg7 63. Bg5 Kf7 64. Rh6 Kg7 65.
Bc1 Kf7 66. Rxh5 Kf6 67. Rg5 1-0

[Event "*** Titled Tuesday Blitz"]
[Site "Chess.com"]
[Date "2018.07.03"]
[Round "2"]
[White "albi1999"]
[Black "David_Paravyan"]
[Result "1/2-1/2"]
[WhiteElo "2511"]
[BlackElo "2712"]
[TimeControl "180+2"]
[EndTime "13:25:23 PDT"]
[Termination "Game drawn by repetition"]

1. d4 Nf6 2. c4 g6 3. g3 Bg7 4. Bg2 O-O 5. Nc3 d6 6. Nf3 c5 7. O-O Nc6 8. dxc5 dxc5 9. Bf4 Nh5 10.
Be3 b6 11. Qc1 Bb7 12. Rd1 Qc8 13. Bh6 Re8 14. Bxg7 Nxg7 15. e3 Nf5 16. b3 Qb8 17. Nd5 Ne5 18. Qc3 Bxd5 19. Rxd5 Nxf3+ 20. Bxf3 Qc7 21. Rad1 Rad8 22. Qd3 Rxd5 23. Qxd5 e6 24. Qd7 Qxd7 25. Rxd7 Re7 26. Rd8+ Kg7 27. Kf1 h5 28. Ke2 Rc7 29. h3 Kf6 30. g4 hxg4 31. hxg4 Ke7 32.
Rd2 Nd6 33. a4 Rc8 34. Rd1 a6 35. Kd3 Rd8 36. Kc2 Rh8 37. Rh1 Rxh1 38. Bxh1 Kf6 39. f4 g5 40. Kd3 Ne8 41. Bb7 Nc7 42. Ke4 a5 43. Kf3 Ne8 44. Be4 Nd6 45. Bd3 Nc8 46. Be4 Ne7 47. Bd3 Nc6 48. Be4 Nb4 49. Bb1 Na6 50. Be4 Nc7 51. Bb1 Ne8 52. Be4 Nd6 53. Bd3 e5 54. f5 e4+ 55. Bxe4 Ke5 56. Bd5 f6 57. Kg3 Ne4+ 58. Bxe4 Kxe4 59. Kf2 Ke5 60.
Kf3 Kd6 61. e4 Ke5 62. Ke3 Kd6 63. Kd3 Ke5 64. Ke3 Kd6 65. Kd3 Ke5 66. Ke3 1/2-1/2

[Event "*** Titled Tuesday Blitz"]
[Site "Chess.com"]
[Date "2018.07.03"]
[Round "2"]
[White "penguingm1"]
[Black "djamir"]
[Result "1/2-1/2"]
[WhiteElo "2759"]
[BlackElo "2608"]
[TimeControl "180+2"]
[EndTime "13:25:26 PDT"]
[Termination "Game drawn - insufficient material"]

1. d4 Nf6 2. c4 e6 3. Nc3 Bb4 4. Qc2 O-O 5. Nf3 b6 6. e4 d5 7.
cxd5 exd5 8. e5 Ne4 9. Bd3 Ba6 10. Bxe4 dxe4 11. Qxe4 c6 12. Ng5 g6 13. a3 Be7 14. h4 Re8 15. Be3 f6 16. Nf3 f5 17.
Qf4 Nd7 18. h5 Nf8 19. hxg6 hxg6 20. O-O-O Bc4 21. Qh6 Kf7 22. Ng5+ Bxg5 23. Bxg5 Qd7 24. Bf6 a5 25. Qf4 b5 26. Nb1 b4 27. Nd2 Bd5 28.
Nf3 Bxf3 29. Qxf3 Qd5 30. Qxd5+ cxd5 31. Rd3 Rac8+ 32. Kb1 Rc4 33. b3 Rc6 34. axb4 axb4 35. Rd2 Rec8 36. Kb2 R6c7 37. Bg5 Rc3 38. f3 Ra8 39.
Rc2 Rxc2+ 40. Kxc2 Ra2+ 41. Kd3 Rxg2 42. Bd2 g5 43. Bxb4 Ne6 44. Bd2 Rg3 45. Rf1 g4 46.
Be1 Rg2 47. fxg4 f4 48. b4 Ke7 49. b5 Rb2 50. Rh1 Rb3+ 51. Kd2 Nxd4 52. Bf2 Nf3+ 53. Kc2 Rxb5 54. Rh5 d4 55. Rf5 Rxe5 56. Rxe5+ Nxe5 57. Bxd4 Nxg4 58. Kd3 f3 59. Ke4 f2 60. Bxf2 Nxf2+ 1/2-1/2

[Event "*** Titled Tuesday Blitz"]
[Site "Chess.com"]
[Date "2018.07.03"]
[Round "2"]
[White "evgenysharapov"]
[Black "RiskyDecision"]
[Result "1-0"]
[WhiteElo "2393"]
[BlackElo "2469"]
[TimeControl "180+2"]
[EndTime "13:25:30 PDT"]
[Termination "evgenysharapov won by resignation"]

1. e4 e6 2. d4 d5 3. Nc3 dxe4 4. Nxe4 Nd7 5. Nf3 Ngf6 6. Nxf6+ Nxf6 7. Be3 Bd6 8. Bd3 O-O 9. Qe2 b6 10. O-O-O Bb7 11. Kb1 Qe7 12. h4 c5 13. h5 cxd4 14.
Bxd4 Bc5 15. Bc3 Nd5 16. Bd2 Nb4 17. Bxb4 Bxb4 18. h6 g6 19. Bc4 Rfe8 20. Rd3 Rad8 21. Rhd1 Rxd3 22. Qxd3 Bxf3 23. gxf3 Bc5 24. Qc3 e5 25. f4 Bd4 26. Qb3 exf4 27. a3 Bf6 28. Ka2 Bg5 29. Qb5 Rd8 30. Re1 Qxe1 31. Qxg5 Qd2 32. Qf6 Qd4 33. Qxf7+ Kh8 34. c3 Qe5 35. Qxa7 Rc8 36. Qxb6 g5 37. Bb3 Re8 38. a4 g4 39.
a5 g3 40. fxg3 fxg3 41. a6 g2 42. a7 Ra8 43. Qb7 Re8 44. a8=Q g1=Q 45. Qa4 Qgg5 46.
Qbb4 Qgf6 47. Qd4 Rf8 48. Qxe5 Qxe5 49. Qa7 Qf6 50. c4 Qxh6 51. c5 Qf6 52. Qb7 Rf7 53. Qb8+ Rf8 54. Qb7 h5 55. c6 Qg7 56. c7 Qf7 57.
Bxf7 Rxf7 58. c8=Q+ 1-0